 Dungeon Crawl Stone Soup version 0.32-a0-928-g1cae6b7ea0 (webtiles) character file.

Game seed: 18399937076274877379

3231 Autsider the Toxicologist (level 9, -1/44 HPs)
             Began as a Spriggan Alchemist on Apr 12, 2024.
             Was an Initiate of Sif Muna.
             Slain by Amaemon
             ... wielding a +0 demon whip of venom
              (7 damage)
             ... on level 8 of the Dungeon.
             The game lasted 00:20:20 (7437 turns).

Autsider the Toxicologist (Spriggan Alchemist)      Turns: 7437, Time: 00:20:20

Health: -1/44      AC:  0    Str:  4    XL:     9   Next: 66%
Magic:  10/19      EV: 25    Int: 21    God:    Sif Muna [......]
Gold:   172        SH:  0    Dex: 20    Spells: 11/20 levels left

rFire   . . .        i - melded +4 whip of the Devouring Shark {protect, rPois rF+ MP+9 Int+3}
rCold   . . .        (shield currently unavailable)
rNeg    . . .        r - melded +2 robe {rN+}
rPois   .            (helmet currently unavailable)
rElec   .            (cloak currently unavailable)
rCorr   .            (gloves unavailable)
SInv    +            (boots unavailable)
Will    +....        (no amulet)
Stlth   +++          (ring currently unavailable)
HPRegen 0.27/turn    (ring currently unavailable)
MPRegen 0.16/turn

%: no passive effects
@: lethally poisoned (-1 -> -12), bat-form, weakened, flying, slowed, quick
A: fast, flying, no casting, tiny, no large weapons, unfitting armour, see
invisible, (speed 3)
a: Renounce Religion


You were on level 8 of the Dungeon.
You worshipped Sif Muna.
Sif Muna was noncommittal.
You were a bat.
You visited 2 branches of the dungeon, and saw 9 of its levels.

You collected 340 gold pieces.
You spent 168 gold pieces at shops.

Inventory:

Hand Weapons
 i - the +4 whip of the Devouring Shark (melded) {protect, rPois rF+ MP+9 Int+3}
   (You found it on level 2 of the Dungeon)

   Int+3:     It affects your intelligence (+3).
   rF+:       It protects you from fire.
   rPois:     It protects you from poison.
   MP+9:      It affects your magic capacity (+9).
 v - a +0 orcbow
Armour
 a - a +0 robe
 d - an orb of wrath
 j - a +0 buckler
 k - the +0 robe of the Gloaming {Str+3}
   (You bought it in a shop on level 1 of the Dungeon)

   Str+3:     It affects your strength (+3).
 r - a +2 robe of positive energy (melded)
Jewellery
 f - a ring of ice
 x - an amulet of faith
Wands
 c - a wand of warping (6)
 A - a wand of mindburst (17)
Scrolls
 l - a scroll of poison
 m - 3 scrolls of revelation
 n - a scroll of enchant weapon
 o - 2 scrolls of blinking {unknown}
 q - a scroll of teleportation {unknown}
 s - a scroll of enchant armour {unknown}
 u - a scroll of immolation {unknown}
 w - a scroll of silence {unknown}
 y - 2 scrolls of identify {@r1}
 z - a scroll of amnesia {unknown}
Potions
 b - 2 potions of magic
 g - 5 potions of lignification
 h - a potion of cancellation
 p - a potion of invisibility {unknown}
 t - a potion of attraction {unknown}


   Skills:
 + Level 3.5 Fighting
 + Level 7.7 Dodging
 - Level 6.0 Stealth
 + Level 6.1 Spellcasting
 - Level 0.6 Conjurations
 - Level 4.0 Fire Magic
 + Level 10.2 Alchemy


You had 11 spell levels left.
You knew the following spells:

 Your Spells              Type           Power      Damage    Failure   Level
a - Sting                 Conj/Alch      100%       1d9       1%          1
b - Olgreb's Toxic Radia  Alch           49%        N/A       1%          4
c - Sticky Flame          Fire/Alch      36%        2d8       5%          4

Your spell library contained the following spells:

 Spells                   Type           Power      Damage    Failure   Level
 Mercury Vapours          Alch/Air       54%        N/A       1%          2
 Mephitic Cloud           Conj/Alch/Air  21%        N/A       7%          3
 Ensorcelled Hibernation  Hex/Ice        12%        N/A       14%         2
 Fugue of the Fallen      Necr           6%         N/A       28%         3
 Sigil of Binding         Hex            6%         N/A       28%         3
 Anguish                  Hex/Necr       3%         N/A       67%         4
 Sculpt Simulacrum        Ice/Alch       13%        N/A       88%         6
 Death Channel            Necr           3%         N/A       100%        6


Dungeon Overview and Level Annotations

Branches:
Dungeon (8/15)             Temple (1/1) D:7
   Lair: D:8-11

Altars:
Ashenzari
Cheibriados
Dithmenos
Elyvilon
Fedhas
Gozag
Hepliaklqana
Kikubaaqudgha
Nemelex Xobeh
Okawaru
Qazlal
Ru
Sif Muna
Trog
Vehumet
Wu Jian
Yredelemnul
The Shining One

Shops:
D:1 [

Annotations:
D:6 Maggie, Menkaure
D:8 Amaemon, Joseph


Innate Abilities, Weirdness & Mutations

You are a bat.
You are tiny and dextrous.
You move quickly.
You are flying.
Your equipment is almost entirely melded.
You are incapable of wielding weapons or throwing items.
You cannot cast spells.
You are very small and have problems with some larger weapons.
You are too small for most types of armour.
You have supernaturally acute eyesight. (SInv)
((You cover ground extremely quickly. (Speed+++)))


Message History

Amaemon casts a spell.
Amaemon points at the scorpion and mumbles some strange words.
A wight comes into view. It is wielding a +0 hand axe.
Amaemon gestures wildly while chanting.
The scorpion stings you.
* * * LOW HITPOINT WARNING * * *
You are poisoned.
The scorpion poisons you!
You feel sick.
You feel much better.
You feel sick.
The gnoll is no longer moving quickly.
The scorpion completely misses you. The scorpion misses you.
The gnoll closely misses you. The scorpion stings you!
You are more poisoned.
You have difficulty breathing.
* * * LOW HITPOINT WARNING * * *
You feel yourself slow down.
Unknown command.
* * * LOW HITPOINT WARNING * * *
You feel very sick. The scorpion attacks as it pursues you!
The scorpion completely misses you. The gnoll closely misses you.
The scorpion completely misses you.
* * * LOW HITPOINT WARNING * * *
You feel very sick. The scorpion attacks as it pursues you!
The scorpion misses you. The gnoll closely misses you.
The scorpion completely misses you. The scorpion misses you.
* * * LOW HITPOINT WARNING * * *
You feel very sick.
The gnoll bouda gazes fiercely through you!
You feel your attacks grow feeble. The gnoll attacks as it pursues you!
The gnoll completely misses you. The scorpion misses you.
The orange demon misses you. The gnoll misses you.
* * * LOW HITPOINT WARNING * * *
You feel very sick.
You kill the orange demon!
Sif Muna accepts your kill. Amaemon attacks as he pursues you!
Amaemon misses you. Amaemon claws you.
* * * LOW HITPOINT WARNING * * *
Amaemon tail-slaps you!
You die...

..###.<.......#
...#.........#
♣............#
♣♣...........# .
♣.##s.......# ...
♣.g#@s...$..#
.....♣♣♣♣♣♣.g.#..######
#....zss#6##.#
####....gsb..###
#########...# ##...#
#####


You could see Amaemon (very poisoned), a gnoll bouda, 3 scorpions, a wight and 2
gnolls.

Vanquished Creatures
  Pikel (D:7)
  An orange demon (D:8)
  Grinder (D:5)
  A steam dragon (D:7)
  A water moccasin (D:6)
  Duvessa (D:7)
  An orc warrior (D:7)
  2 ice beasts
  A black bear (D:5)
  3 ogres
  A centaur (D:5)
  A lemure (D:7)
  A bullfrog (D:6)
  A scorpion (D:6)
  5 wights (D:7)
  Dowan (D:7)
  4 killer bees (D:7)
  5 electric eels
  A bombardier beetle (D:5)
  2 hounds (D:6)
  A jelly (D:6)
  A gnoll bouda (D:7)
  An orc priest (D:7)
  A sleepcap (D:5)
  4 iguanas
  3 orc wizards (D:7)
  Natasha (thrice) (D:4)
  13 gnolls
  4 adders
  A dart slug (D:1)
  2 ribbon worms
  5 orcs
  5 bats
  7 endoplasms
  A giant cockroach (D:1)
  6 goblins
  10 hobgoblins
  5 jackals
  2 quokkas
  10 ball pythons
  3 frilled lizards
  7 kobolds
  4 rats
134 creatures vanquished.

Notes
Turn   | Place    | Note
-------+----------+-------------------------------------------
     0 | D:1      | Autsider the Spriggan Alchemist began the quest for the
                  | Orb.
     0 | D:1      | Reached XP level 1. HP: 9/9 MP: 5/5
   219 | D:1      | Reached XP level 2. HP: 8/13 MP: 2/6
   409 | D:1      | Found Docwemo's Antique Armour Shop.
   743 | D:1      | Reached skill level 4 in Alchemy
   743 | D:1      | Reached XP level 3. HP: 16/16 MP: 5/8
  1123 | D:2      | Identified the +4 whip of the Devouring Shark {protect,
                  | rPois rF+ MP+9 Int+3}
  2002 | D:1      | Bought a twisted robe for 102 gold pieces
  2002 | D:1      | Identified the +0 robe of the Gloaming {Str+3} (You bought
                  | it in a shop on level 1 of the Dungeon)
  2050 | D:3      | Found an iron altar of Okawaru.
  2062 | D:3      | Reached XP level 4. HP: 21/21 MP: 9/9
  2067 | D:3      | Learned a level 4 spell: Olgreb's Toxic Radiance
  2072 | D:3      | Learned a level 4 spell: Sticky Flame
  2085 | D:3      | Found a basalt altar of Yredelemnul.
  2886 | D:4      | Noticed an ogre
  2900 | D:4      | Killed an ogre
  2901 | D:4      | Reached skill level 5 in Alchemy
  2901 | D:4      | Reached XP level 5. HP: 24/24 MP: 10/10
  2980 | D:4      | Reached skill level 5 in Stealth
  2980 | D:4      | Reached skill level 1 in Fire Magic
  3084 | D:4      | Noticed Natasha
  3088 | D:4      | Killed Natasha
  3128 | D:4      | Noticed Natasha
  3139 | D:4      | Killed Natasha
  3592 | D:4      | Reached XP level 6. HP: 28/28 MP: 11/11
  3663 | D:4      | Noticed Natasha
  3670 | D:4      | Killed Natasha
  3779 | D:5      | Entered Level 5 of the Dungeon
  3847 | D:1      | Bought a glowing robe for 66 gold pieces
  4018 | D:5      | Noticed an ice beast
  4030 | D:5      | Killed an ice beast
  4099 | D:5      | Reached skill level 6 in Alchemy
  4226 | D:5      | Noticed Grinder
  4249 | D:5      | Reached skill level 5 in Dodging
  4317 | D:5      | Killed Grinder
  4318 | D:5      | Reached skill level 7 in Alchemy
  4318 | D:5      | Reached XP level 7. HP: 32/32 MP: 6/12
  4897 | D:5      | Reached skill level 8 in Alchemy
  4897 | D:5      | Reached XP level 8. HP: 21/36 MP: 13/13
  5253 | D:6      | Noticed Maggie
  5253 | D:6      | Noticed Menkaure
  5331 | D:7      | Noticed Duvessa
  5331 | D:7      | Noticed Dowan
  5343 | D:7      | Killed Dowan
  5347 | D:7      | Killed Duvessa
  5404 | D:7      | Reached skill level 9 in Alchemy
  5476 | D:7      | Reached skill level 1 in Fighting
  6063 | D:7      | Reached XP level 9. HP: 30/42 MP: 16/16
  6184 | D:7      | Reached skill level 5 in Spellcasting
  6511 | D:7      | Noticed Pikel
  6537 | D:7      | Killed Pikel
  6538 | D:7      | Reached skill level 10 in Alchemy
  7155 | D:7      | Found a staircase to the Ecumenical Temple.
  7161 | Temple   | Entered the Ecumenical Temple
  7179 | Temple   | Became a worshipper of Sif Muna the Loreminder
  7405 | D:8      | Noticed Amaemon
  7405 | D:8      | Noticed an orange demon
  7414 | D:8      | Noticed Joseph
  7437 | D:8      | Killed an orange demon
  7437 | D:8      | Slain by Amaemon

Illustrated notes

Levels and vault maps discovered:
D:1:      wheals_arrival_shading, layout_rooms, serial_shops, shop
D:2:      layout_loops_ring
D:3:      layout_basic, jmf_multi_god_temple, chequers_serial_rivers_room_b
D:4:      wander_river, layout_basic, uniq_natasha
D:5:      layout_gridville, uniq_grinder
D:6:      layout_basic, grunt_ministairs_3, nicolae_lava_and_water,
          uniq_menkaure, uniq_maggie
D:7:      layout_loops_corners, minmay_temple_entry_grid, chequers_big_river,
          uniq_duvessa, uniq_pikel
D:8:      minmay_razor_zed, layout_rooms, marbit_many_paths, nrook_campfire,
          uniq_maurice, uniq_amaemon, uniq_joseph
Temple:   lightli_temple_of_artemis

Skill      XL: |  1  2  3  4  5  6  7  8  9 |
---------------+----------------------------+-----
Dodging        | 3 4 5 6 7 |  7.7
Spellcasting   | 3 4 6 |  6.1
Alchemy        | 4 5 7 8 9 10 | 10.2
Stealth        | 4 5 6 |  6.0
Fire Magic     | 1 2 3 4 |  4.0
Fighting       | 2 3 |  3.5
Conjurations   | |  0.6

Action                     |  1- 3 |  4- 6 |  7- 9 || total
---------------------------+-------+-------+-------++-------
  Melee: Unarmed           |    29 |       |       ||    29
         Whip              |     5 |    54 |    32 ||    91
   Cast: Sting             |    76 |    45 |    22 ||   143
         Olgreb's Toxic Ra |       |    10 |    33 ||    43
         Sticky Flame      |       |     2 |    15 ||    17
    Use: Scroll            |       |     5 |     1 ||     6
         Potion            |       |       |     1 ||     1
   Stab: Sleeping          |       |     3 |     1 ||     4
 Armour: Robe              |    22 |    18 |    33 ||    73
         Skin              |       |       |     6 ||     6
  Dodge: Dodged            |    54 |    50 |    60 ||   164

Table legend: (Time is in decaauts)
 A = Elapsed time spent in this place.
 B = Non-inter-level travel time spent in this place.
 C = Inter-level travel time spent in this place.
 D = Time resting spent in this place.
 E = Time spent auto-exploring this place.
 F = Levels seen in this place.
 G = Mean time per level.
                   A        B        C        D        E       F      G
               +--------+--------+--------+--------+--------+-----+--------+
         Total |   5691 |   5411 |    280 |    213 |   4273 |   9 |  632.3 |
       Dungeon |   5674 |   5409 |    265 |    213 |   4273 |   8 |  709.2 |
        Temple |     17 |      2 |     15 |      0 |      0 |   1 |   17.0 |
               +--------+--------+--------+--------+--------+-----+--------+

Top non-repeatable levels by time:
     D:7: 1404 daAuts
     D:5: 969 daAuts
     D:2: 860 daAuts
     D:4: 835 daAuts
     D:1: 743 daAuts
     D:3: 490 daAuts
     D:6: 349 daAuts
     D:8: 22 daAuts
  Temple: 17 daAuts
